Croesus, chaotic male elven Ranger ------------ # # ----------- |..........| ----.--.---------.------------.-- -.........| |..........| |...............................| |.........| |....<.....| |.--.--.------.....---------.--.| |.........| -------|-.-- |.|...|...|..|.....|..|(.(|...|.| |.........| ### |.|...|...|%.|.....-..|(((|...|.| |.........| ## |.|...|...|.%|.....|..|...|...|.| ----|------ ## |.|...|...||--.....-----|--|---.-# # #### |.--.--.--......................|# ### # ) |.............{....|.{..........|# # # ###########..-|---|---....--|---...........|# #### # # #-.|...|...|---.|....|.----|----.|# --.--------- # ## ###|.|...|...|.)-.|....|.-..|..d.|.|# ###-..........| ---.-----|-- # |.|[.(|...|..|.|.._(|.|..|@...|.|### |..........| |.....)....|### |.|.((|...|..|.|....|.|..|...(|.|#####...........| |.....>....|# |.------------.------.---------.|# ###|..........| |..........|# |...............................|# #...........| |...........# ---------------------------------# ------------ ------------ ######## Croesus the Lookout Experience level: 4 Strength: 16 Dexterity: 9 Constitution: 16 Intelligence: 14 Wisdom: 13 Charisma: 9 Health: 35(35) Energy: 27(27) Def: 16 Gold: 0 Moves: 5656 Dungeon seed: LO1u6eUi6Yd8XIFM Game ID: Croesus_1605364351 Your Inventory: Weapons d - an uncursed +1 elven dagger e - an uncursed +1 elven bow (weapon in hand) L - 51 uncursed +2 elven arrows N - 69 uncursed +0 elven arrows X - 35 uncursed +2 arrows (in quiver) Armor y - an uncursed +0 scale mail (being worn) G - an uncursed +0 dwarvish roundshield (being worn) Y - an uncursed +0 pair of high boots (being worn) Z - a blessed +2 elven cloak (being worn) Wands i - an uncursed wand of lightning (0:7) n - an uncursed wand of fire (0:4) o - an uncursed wand of teleportation (0:5) t - an uncursed wand of magic missile (0:3) x - an uncursed wand of slow monster (0:3) Tools b - an uncursed sack k - an uncursed skeleton key u - an uncursed +0 unicorn horn w - an uncursed magic whistle Contents of the sack: 3 uncursed +0 arrows of fire 2 uncursed eucalyptus leaves 2 uncursed lembas wafers 2 cursed lembas wafers an uncursed orange a cursed scroll of amnesia an uncursed scroll of enchant weapon an uncursed scroll of food detection a blessed scroll of genocide 2 uncursed scrolls of magic mapping an uncursed scroll of summoning 2 uncursed scrolls of teleportation an uncursed potion of booze an uncursed potion of enlightenment a blessed potion of extra healing an uncursed potion of fruit juice an uncursed potion of hallucination an uncursed potion of invisibility 2 uncursed potions of object detection an uncursed potion of see invisible an uncursed wand of slow monster (0:7) an uncursed mirror an uncursed +0 pick-axe an uncursed skeleton key an uncursed amethyst stone 2 uncursed garnet stones an uncursed jet stone an uncursed topaz stone an uncursed worthless piece of black glass 3 uncursed worthless pieces of red glass an uncursed worthless piece of violet glass 21 gold pieces Spells and supernatural/magical abilities: Name Level Category Cost Memory W - pray for help -- divine ? -- Your skills at the end: Fighting Skills wands [Basic] Weapon Skills dagger [Basic] bow [Basic] Spellcasting Skills Final Attributes: You were piously aligned. You were immune to sleep. You saw invisible. You had automatic searching. You had infravision. You were visible. You were stealthy. You aggravated monsters. You were protected. You were lucky. Mars was noncommittal. You survived. Vanquished creatures: 2 small mimics a dwarf king a gray unicorn 3 fire ants an imp a mountain nymph a yellow light 5 gnome lords a gnomish wizard 2 black naga hatchlings a kitten 5 dwarves a kobold lord a kobold shaman a giant bat 2 iguanas 3 hobbits 2 large kobolds a hobgoblin 5 cave spiders 2 brown molds 16 gnomes 2 garter snakes a gecko 7 jackals 2 foxes 2 goblins 2 sewer rats 2 grid bugs 7 lichens 2 kobold zombies 8 newts 93 creatures vanquished. Voluntary challenges: You used a wielded weapon 15 times, starting on turn 383. You read items or engraved 5 times, starting on turn 3117. You never genocided any monsters. You never polymorphed an object. You never changed form. You used no wishes. You never split a pudding. You wrote Elbereth's name 4 times, starting on turn 3118. You never violated your personal moral code. Dungeon overview: The Dungeons of Doom: levels 1 to 5 Level 1 some altars to Mercury and Mars, a sink a long staircase Level 2 a fountain Level 3 a sink, a vault Level 4 an armor shop, a fountain, a vault stairs to The Gnomish Mines Level 5 The Gnomish Mines: levels 5 to 8 Level 5 stairs to The Dungeons of Doom Level 6 Level 7 <- You were here some shops, a temple to Mars, some fountains Level 8 History has recorded: On T:1 you entered the Dungeons of Doom to retrieve the Amulet of Yendor! On T:168 you reached level 2 of The Dungeons of Doom. On T:558 you reached level 3 of The Dungeons of Doom. On T:1371 you reached level 4 of The Dungeons of Doom. On T:1524 you reached level 5 of The Dungeons of Doom. On T:1959 you reached level 1 of The Gnomish Mines. On T:3105 you reached level 2 of The Gnomish Mines. On T:3111 you reached level 3 of The Gnomish Mines. On T:3825 you reached level 4 of The Gnomish Mines. On T:3850 you advanced to experience level 2. On T:4256 you advanced to experience level 3. On T:5405 you advanced to experience level 4. Score breakdown: Gold: 21 ( 4566 points) Experience: 4 levels ( 9649 points) Exploration: 8 levels ( 16.33%) (11456 points) Discoveries: 12 items ( 4.07%) ( 6050 points) Valuables value: (no points given unless you survive) Artifact value: 0 ( 0 points) Variety of kills: 32 monsters ( 8.42%) ( 8705 points) Turncount: 5656 turns (-1536 points) Survival: quit (score multiplied by 90%) Total score: 35001 Latest messages: You put an elven dagger into the magic chest. [2 turns] You put a cyan potion into the sack. You put a mirror into the sack. [2 turns] Never mind. You see here a male kitten corpse. This male kitten corpse tastes terrible! You feel that eating the kitten was a bad idea. You feel observed. You must have gained aggravate monster. You feel that eating the kitten was a bad idea. (4x) You finish eating the male kitten corpse. [7 turns] Final status: Goodbye Croesus the Ranger, quit... You quit in The Gnomish Mines on dungeon level 7 with 35001 points, and 21 pieces of gold, after 5656 moves. You were level 4 with a maximum of 35 hit points when you quit.